 Dungeon Crawl Stone Soup version 0.23.2-1-ga50397a (webtiles) character file.

Game seed: 10772275597281882587

60 Exporg the Cudgeler (level 3, 0/29 HPs)
             Began as a Demonspawn Chaos Knight on May 28, 2019.
             Was a Plaything of Xom.
             Succumbed to an adder's poison
             ... on level 2 of the Dungeon.
             The game lasted 00:02:25 (1299 turns).

Exporg the Cudgeler (Demonspawn Chaos Knight)       Turns: 1299, Time: 00:02:25

Health: 0/29       AC:  7    Str: 15    XL:     3   Next: 80%
Magic:  3/3        EV:  9    Int: 13    God:    Xom [..*...]
Gold:   92         SH:  0    Dex: 14    Spells: 2/2 levels left

rFire    . . .     SeeInvis .   a - +0 mace (chaos)
rCold    . . .     Gourm    .   (no shield)
rNeg     . . .     Faith    .   i - +0 scale mail
rPois    .         Spirit   .   (no helmet)
rElec    .         Reflect  .   (no cloak)
rCorr    .         Harm     .   m - +0 pair of gloves
MR       .....     Clarity  +   (no boots)
Stlth    ..........             (no amulet)
HPRegen  0.09/turn              (no ring)
MPRegen  0.08/turn              (no ring)

@: lethally poisoned (0 -> -13)
A: agile 1, clarity, strong 1, rot immunity
a: Renounce Religion


You were on level 2 of the Dungeon.
You worshipped Xom.
You were a toy of Xom.
You were not hungry.

You visited 1 branch of the dungeon, and saw 2 of its levels.

You collected 92 gold pieces.

Inventory:

Hand Weapons
 a - a +0 mace of chaos (weapon)
Armour
 b - a +2 leather armour
 e - a +0 chain mail
 f - a +0 buckler
 i - a +0 scale mail (worn)
 m - a +0 pair of gloves (worn)
Jewellery
 h - an uncursed ring of see invisible {unknown}
Scrolls
 d - a scroll of teleportation {unknown}
 g - 2 scrolls of magic mapping {unknown}
 j - 4 scrolls of remove curse {unknown}
 l - a scroll of immolation {unknown}
Potions
 n - a potion of haste
Comestibles
 c - 3 rations
 o - a chunk of flesh


   Skills:
 + Level 3.5 Fighting
 + Level 3.6 Maces & Flails
 + Level 2.0 Armour
 + Level 1.3 Dodging
 - Level 0.1 Stealth


You had 2 spell levels left.
You didn't know any spells.
Your spell library was empty.

Dungeon Overview and Level Annotations

Branches:
Dungeon (2/15)

Altars:
Fedhas


Innate Abilities, Weirdness & Mutations

You are immune to rotting.
You are agile. (Dex +2)
You possess an exceptional clarity of mind.
Your muscles are strong. (Str +2)


Message History

* * * LOW HITPOINT WARNING * * *
You hit something.
* * * LOW HITPOINT WARNING * * *
You feel sick. Something bites you but does no damage.
It was a potion of haste.
You feel yourself speed up.
Xom roars with laughter!
* * * LOW HITPOINT WARNING * * *
You feel sick. Something bites you but does no damage.
It was a potion of cancellation.
Your magical effects are unravelling.
You feel magically purged.
You feel yourself slow down.
* * * LOW HITPOINT WARNING * * *
You feel sick. Something bites you but does no damage.
You miss something.
* * * LOW HITPOINT WARNING * * *
You feel sick.
Something bites you but does no damage. x2
You closely miss something.
You die...
Xom snickers!

.# .# .# .# .#
.#######
######
.......#
#....#
.#####.#
#.##.### ##
#.#####.##.@.#
#
#.......##.#{#
#
############.#
# .# # .# # .#
# .# # .# #


There were no monsters in sight!

Vanquished Creatures
  2 adders (D:2)
  2 oozes (D:1)
  A dart slug (D:1)
  4 giant cockroaches
  A hobgoblin (D:1)
  2 jackals (D:1)
  5 bats
  A frilled lizard (D:2)
  6 goblins
  6 kobolds (D:1)
  3 rats
33 creatures vanquished.

Notes
Turn   | Place    | Note
-------+----------+-------------------------------------------
     0 | D:1      | Exporg the Demonspawn Chaos Knight began the quest for the
                  | Orb.
     0 | D:1      | Reached XP level 1. HP: 18/18 MP: 1/1
    13 | D:1      | XOM: silly message
    25 | D:1      | Reached skill level 1 in Dodging
    31 | D:1      | Gained mutation: You are immune to rotting. [demonic
                  | ancestry]
    31 | D:1      | Reached XP level 2. HP: 20/24 MP: 2/2
   164 | D:1      | XOM: silly message
   338 | D:1      | Reached XP level 3. HP: 25/29 MP: 3/3
   536 | D:1      | XOM: cloud trail
   596 | D:1      | XOM: give mutations
   596 | D:1      | Gained mutation: Your muscles are strong. (Str +2) [Xom's
                  | grace]
   596 | D:1      | Gained mutation: You possess an exceptional clarity of
                  | mind. [Xom's grace]
   596 | D:1      | Gained mutation: You are agile. (Dex +2) [Xom's grace]
   803 | D:2      | Found a blossoming altar of Fedhas.
   835 | D:2      | XOM: 5-stop teleportation journey
   876 | D:2      | HP: 1/29 [poisoned by an adder]
   906 | D:2      | XOM: mild Erth miscast
   972 | D:2      | XOM: silly message
  1298 | D:2      | HP: 1/29 [poisoned by an adder]
  1299 | D:2      | Succumbed to an adder's poison

Skill      XL: |  1  2  3 |
---------------+----------+-----
Dodging        | 1 |  1.3
Maces & Flails | 3 |  3.6
Armour         | 2 |  2.0
Fighting       | |  3.5
Stealth        | |  0.1

Action                   || total
-------------------------++-------
Melee: Mace              ||   102
  Use: Potion            ||     2
 Stab: Confused          ||     1
  Eat: Chunk             ||     1
Armor: Leather armour    ||    43
       Scale mail        ||    18
Dodge: Dodged            ||    76
